 Dungeon Crawl Stone Soup version 0.29.1-12-g30fa7ad0bf (webtiles) character file.

Game seed: 4688683197636980731

207 cheesebisquit the Digger (level 5, -5/28 HPs)
             Began as a Gargoyle Earth Elementalist on Jan 11, 2023.
             Killed from afar by Sigmund (7 damage)
             ... with a puff of flame
             ... on level 4 of the Dungeon.
             The game lasted 00:35:43 (3884 turns).

cheesebisquit the Digger (GrEE)                     Turns: 3884, Time: 00:35:43

Health: -5/28      AC:  7    Str: 12    XL:     5   Next: 85%
Magic:  10/10      EV: 11    Int: 17    God:
Gold:   172        SH:  0    Dex: 10    Spells: 7/11 levels left

rFire   . . .      SeeInvis .   (no weapon)
rCold   + . .      Faith    .   (no shield)
rNeg    + . .      Spirit   .   k - +1 robe {rC+}
rPois   ∞          Reflect  .   (no helmet)
rElec   +          Harm     .   (no cloak)
rCorr   .          Rampage  .   (no gloves)
Will    .....                   (no boots)
Stlth   +.........              (no amulet)
HPRegen 0.09/turn               m - ring of flight
MPRegen 0.12/turn               (no ring)

@: confused, flying
A: sickness immunity, AC +4, negative energy resistance 1, electricity
resistance, torment resistance 1, petrification resistance
a: no special abilities


You were on level 4 of the Dungeon.
You visited 1 branch of the dungeon, and saw 4 of its levels.

You collected 200 gold pieces.
You spent 28 gold pieces at shops.

Inventory:

Hand Weapons
 o - a +0 flail
Missiles
 f - 24 stones
 j - a boomerang of dispersal
 n - 2 poisoned darts
Armour
 k - a +1 robe of cold resistance (worn)
Jewellery
 m - a ring of flight (left hand)
Wands
 h - a wand of mindburst (13)
Scrolls
 c - a scroll of vulnerability
 e - a scroll of noise {unknown}
 g - a scroll of immolation {unknown}
 l - 2 scrolls of teleportation
 p - a scroll of blinking {unknown}
Potions
 a - a potion of degeneration
 q - a potion of resistance {unknown}


   Skills:
 - Level 1.5 Dodging
 - Level 2.1 Stealth
 + Level 3.6 Spellcasting
 + Level 2.6 Conjurations
 - Level 0.7 Transmutations
 + Level 5.5 Earth Magic


You had 7 spell levels left.
You knew the following spells:

 Your Spells              Type           Power      Damage    Failure   Level
a - Sandblast             Erth           42%        2d11      1%          1
b - Stone Arrow           Conj/Erth      34%        3d9       9%          3

Your spell library contained the following spells:

 Spells                   Type           Power      Damage    Failure   Level
 Passwall                 Tmut/Erth      10%        N/A       7%          2
 Petrify                  Tmut/Erth      13%        N/A       41%         4
 Iskenderun's Battlesphe  Conj           12%        2d7       83%         5
 Iron Shot                Conj/Erth      8%         9d3       99%         6
 Spellforged Servitor     Conj/Summ      3%         N/A       100%        7


Dungeon Overview and Level Annotations

Branches:
Dungeon (4/15)
 Temple: D:4-7

Altars:
Gozag
Uskayaw
Xom
Zin

Shops:
D:2 *   D:3 (   D:4 (

Annotations:
D:4 Sigmund


Innate Abilities, Weirdness & Mutations

You are immune to sickness and miasma.
Your stone body is resilient. (AC +4)
You are immune to poison.
You resist negative energy. (rN+)
You are resistant to electric shocks. (rElec)
You are resistant to unholy torment.
You are immune to petrification.


Message History

Aim: Sigmund, wielding a +0 scythe and wearing a +1 robe of cold resistance (almost dead, 64% to hit)
You miscast Stone Arrow.
You are very lightly contaminated with residual magic.
Nothing appears to happen.
Sigmund barely misses you.
Casting: Stone Arrow (quite dangerous; 9% risk of failure)
Confirm with . or Enter, or press ? or * to list all spells.
The spell is quite dangerous to miscast (9% risk of failure)!
Continue anyway?
Aiming: Stone Arrow (quite dangerous; 9% risk of failure)
Press: ? - help, Shift-Dir - straight line, f/p - Sigmund
Aim: Sigmund, wielding a +0 scythe and wearing a +1 robe of cold resistance (almost dead, 64% to hit)
The stone arrow misses Sigmund.
You are too injured to fight recklessly!
Aiming: Sandblast (safe; 1% risk of failure)
Press: ? - help, Q - select action, (/) - cycle Shift-Dir - straight line, f/p - Sigmund
Aim: Sigmund, wielding a +0 scythe and wearing a +1 robe of cold resistance (almost dead, 81% to hit)
The blast of sand hits Sigmund but does no damage.
Sigmund is almost dead.
Sigmund gestures wildly while chanting.
Sigmund flickers and vanishes!
Deactivating autopickup; reactivate with Ctrl-A.
Something hits you!
* * * LOW HITPOINT WARNING * * *
Magic courses through your body.
Casting: Sandblast (safe; 1% risk of failure)
Confirm with . or Enter, or press ? or * to list all spells.
You can't see any susceptible monsters within range! (Use Z to cast anyway.)
A puff of flame appears from out of thin air!
The puff of flame hits you.
* * * LOW HITPOINT WARNING * * *
You are confused.
Your magical contamination has completely faded away.
You are too confused!
You hear some strange, mumbled words.
You are more confused.
Something hits you but does no damage.
You're too confused to move!
You hear some strange, mumbled words.
A puff of flame appears from out of thin air!
The puff of flame hits you!
You die...

###### ##################### #
#....# #...............+...# #
#....# #...............#...# #
#....# #...)...........#...# #
###'########'#########'##..# #
#...............@.......#..## #
.....#........{.........'...# #
.....#..................#...# #
.....#..................#...# #
#....#.....#########....#..######
#....#.....# #....#..#.....
#....#.....+ #....#..'.....
.....#.....# #....#..#.....
.....#.....# #....+..#.....


There were no monsters in sight!

Vanquished Creatures
  An iguana (D:4)
  An orc wizard (D:3)
  2 adders (D:3)
  3 gnolls
  An ufetubus (D:3)
  A worm (D:3)
  2 dart slugs (D:2)
  10 orcs
  7 endoplasms
  2 giant cockroaches
  13 goblins
  7 hobgoblins
  6 jackals
  7 kobolds
  4 quokkas
  4 ball pythons
  3 bats
  2 frilled lizards (D:2)
  6 rats
82 creatures vanquished.

Vanquished Creatures (others)
  An angel (D:3)
1 creature vanquished.

Grand Total: 83 creatures vanquished

Notes
Turn   | Place    | Note
-------+----------+-------------------------------------------
     0 | D:1      | cheesebisquit the Gargoyle Earth Elementalist began the
                  | quest for the Orb.
     0 | D:1      | Reached XP level 1. HP: 10/10 MP: 3/3
   445 | D:1      | Reached XP level 2. HP: 12/15 MP: 3/5
   462 | D:1      | Reached skill level 4 in Earth Magic
  1113 | D:1      | Reached XP level 3. HP: 19/19 MP: 4/6
  1288 | D:1      | Learned a level 3 spell: Stone Arrow
  1586 | D:2      | Found Luessena's General Store.
  1618 | D:2      | Bought a scroll of identify for 28 gold pieces
  1896 | D:2      | Reached skill level 1 in Conjurations
  1937 | D:2      | Found a faded altar of an unknown god.
  2074 | D:2      | Reached XP level 4. HP: 24/24 MP: 6/8
  2444 | D:3      | Found an opulent altar of Gozag.
  2570 | D:3      | Reached skill level 5 in Earth Magic
  2794 | D:3      | Found a hide-covered altar of Uskayaw.
  2800 | D:3      | Killed an angel
  2831 | D:3      | Reached XP level 5. HP: 28/28 MP: 6/9
  2898 | D:3      | Found a glowing silver altar of Zin.
  2898 | D:3      | Found a shimmering altar of Xom.
  3122 | D:3      | Found Ufoir's Weapon Boutique.
  3698 | D:4      | Found Onot's Antique Weapon Shoppe.
  3811 | D:4      | Noticed Sigmund
  3875 | D:4      | HP: 1/28 [something/puff of flame (4)]
  3884 | D:4      | Killed from afar by Sigmund

Illustrated notes

Levels and vault maps discovered:
D:1:      heliophobic_arrival_enchanted_forest, layout_loops_ring, minivault_27
D:2:      layout_loops_ring, hellmonk_ecumenical_altar_defaced_shrine,
          serial_shops, shop_statue, minmay_heptomino_d4
D:3:      layout_basic, grunt_temple_overflow_order_and_chaos_1,
          lemuel_round_altar, mainiacjoe_overflow_surrounded_room, serial_shops,
          nicolae_shop_stone
D:4:      layout_gridville, serial_shops, kennysheep_mini_moat,
          minmay_crystal_water, minmay_misc_feat_iff,
          nicolae_figureground_sparkle, uniq_edmund, uniq_sigmund, uniq_duvessa

Skill      XL: |  1  2  3  4 |
---------------+-------------+-----
Earth Magic    | 4 5 |  5.5
Spellcasting   | 3 |  3.6
Conjurations   | 1 2 |  2.6
Dodging        | |  1.5
Stealth        | |  2.1
Transmutations | |  0.7

Action                   |  1- 3 |  4- 6 || total
-------------------------+-------+-------++-------
Melee: Unarmed           |    10 |       ||    10
       Whip              |    17 |       ||    17
       Short sword       |     4 |       ||     4
       Flail             |       |    34 ||    34
       Punch             |       |     1 ||     1
Throw: Stone             |     5 |       ||     5
 Cast: Sandblast         |    45 |    48 ||    93
       Stone Arrow       |       |    10 ||    10
  Use: Scroll            |     5 |     2 ||     7
       Potion            |       |     8 ||     8
 Stab: Sleeping          |       |     1 ||     1
Armor: Robe              |    10 |    42 ||    52
       Skin              |       |    16 ||    16
Dodge: Dodged            |    25 |    59 ||    84
